Map: Ice and Chrome LE

Players

AfreecaDRG (DRG) - Winner!

  • Race: Zerg Zerg
  • Spawn Location: 1:00

RagnaroK (SHIN)

  • Race: Zerg Zerg
  • League: Grandmaster
  • Spawn Location: 7:00

Event: War Chest Team League

VOD

Have the link to the VOD?

Description

Time

  • Played on: Aug. 7, 2020, 7:07 a.m.
  • Length: 4:42
Show
View Real Time Build Order
Export as new Build Order

AfreecaDRG Zerg - Winner!

Build Orders: Hatch First, Zergling Baneling 

Get SALT Encoding   

  12  0:00  Drone  
  13  0:12  Overlord  
  13  0:16  Drone  
  14  0:30  Drone x2  
  16  0:47  Hatchery  
  15  0:50  Extractor  
  14  1:03  Spawning Pool  
  13  1:07  Drone  
  14  1:11  Drone  
  14  1:14  Drone  
  16  1:20  Drone  
  17  1:29  Drone  
  18  1:39  Drone  
  19  1:51  Queen, Metabolic Boost  
  21  1:59  Queen  
  23  2:02  Zergling x2  
  24  2:10  Overlord  
  24  2:12  Zergling x2  
  25  2:17  Baneling Nest  
  25  2:21  Zergling x2  
  25  2:24  Zergling x2  
  25  2:27  Zergling x2  
  27  2:30  Zergling x2  
  27  2:35  Zergling x2  
  29  2:38  Zergling x2  
  29  2:43  Zergling x2  
  31  2:48  Overlord  
  31  2:53  Zergling x2  
  32  2:58  Zergling x2  
  32  3:01  Zergling x2  
  32  3:03  Baneling x2  
  32  3:05  Zergling x2  
  35  3:07  Zergling x2  
  35  3:10  Zergling x2  
  37  3:15  Zergling x2  
  38  3:20  Baneling x2  
  38  3:25  Zergling x2  
  39  3:32  Zergling x2  
  38  3:36  Zergling x2  
  38  3:39  Zergling x2  
  39  3:41  Baneling  
  39  3:45  Zergling x6  
  40  3:52  Zergling x4  
  42  3:56  Baneling x2  
  42  4:02  Zergling x2  
  40  4:04  Zergling x2  
  40  4:05  Zergling x4  
  41  4:18  Baneling x2, Zergling x2  
  41  4:22  Zergling x2  
  42  4:24  Baneling  
Show
View Real Time Build Order
Export as new Build Order

RagnaroK Zerg 

Build Orders: Hatch First 

Get SALT Encoding   

  12  0:00  Drone  
  13  0:12  Overlord  
  13  0:17  Drone  
  14  0:31  Drone x2  
  16  0:47  Hatchery  
  15  0:51  Drone  
  15  0:54  Drone  
  17  0:58  Drone  
  18  1:09  Extractor  
  17  1:12  Spawning Pool  
  17  1:15  Drone  
  17  1:19  Drone  
  18  1:28  Drone  
  19  1:54  Drone  
  19  1:55  Overlord  
  19  1:59  Queen x2  
  19  2:00  Drone  
  19  2:01  Drone  
  26  2:10  Zergling x2  
  26  2:11  Drone  
  26  2:13  Metabolic Boost  
  28  2:21  Drone x2  
  30  2:35  Hatchery  
  30  2:36  Drone  
  30  2:38  Drone  
  31  2:44  Queen  
  33  2:52  Evolution Chamber  
  33  2:54  Overlord  
  33  2:57  Drone  
  32  3:04  Baneling Nest  
  32  3:08  Zergling x4  
  32  3:09  Spine Crawler  
  32  3:12  Zergling x4  
  35  3:19  Zergling x2  
  37  3:20  Roach Warren  
  37  3:22  Zergling x6  
  37  3:24  Zergling x2  
  37  3:25  Zergling x2  
  39  3:29  Zergling x2  
  39  3:31  Zergling x2  
  40  3:38  Zergling x2  
  40  3:39  Zergling x4  
  34  3:41  Zergling x2  
  34  3:44  Zergling x2  
  34  3:46  Queen  
  33  3:51  Zergling x2  
  33  3:54  Baneling x3  
  14  4:15  Drone  
  9  4:25  Drone  
Tags
 
Add a new tag
Caveats
  • Supply blocks, unpowered buildings, or Contaminate may cause inaccurate times.
  • Supply counts are checked every 10 seconds.